 Dungeon Crawl Stone Soup version 0.27-a0-155-g177a798329 (webtiles) character file.

Game seed: 11181404299848805116

190 sanka the Ruffian (level 5, -1/50 HPs)
             Began as a Troll Monk on Jan 27, 2021.
             Slain by a goblin
             ... wielding a +0 dagger
             ... led by Robin
              (2 damage)
             ... on level 3 of the Dungeon.
             The game lasted 00:02:27 (1807 turns).

sanka the Ruffian (Troll Monk)                      Turns: 1807, Time: 00:02:30

Health: -1/50      AC:  6    Str: 19    XL:     5   Next: 41%
Magic:  4/4        EV: 10    Int:  6    God:
Gold:   78         SH:  0    Dex: 13    Spells: 4/4 levels left

rFire    . . .     SeeInvis .     - Unarmed
rCold    . . .     Faith    .   (no shield)
rNeg     . . .     Spirit   .   a - +0 robe
rPois    .         Reflect  .   (helmet restricted)
rElec    .         Harm     .   (no cloak)
rCorr    .         Rampage  .   (gloves unavailable)
Will     .....                  (boots unavailable)
Stlth    ++........             h - amulet of regeneration
HPRegen  0.96/turn              (no ring)
MPRegen  0.09/turn              (no ring)

@: no status effects
A: large, unfitting armour, claws 3, regeneration 1, shaggy fur 1, tough skin 3
a: no special abilities


You were on level 3 of the Dungeon.
You visited 1 branch of the dungeon, and saw 3 of its levels.

You collected 78 gold pieces.


Innate Abilities, Weirdness & Mutations

You are too large for most types of armour.
You have claws for hands.
Your natural rate of healing is unusually fast.
You are covered in fur. (AC +1)
You have extremely tough skin. (AC +3)


   Skills:
 - Level 2.4 Fighting
 - Level 2.4 Dodging
 - Level 1.0 Stealth
 * Level 6.2 Unarmed Combat


You had 4 spell levels left.
You didn't know any spells.
Your spell library was empty.

Inventory:

Armour
 a - a +0 robe (worn)
Jewellery
 h - an amulet of regeneration (around neck)
 l - an uncursed ring of fire
Scrolls
 d - 7 scrolls of identify {unknown}
 e - a scroll of enchant armour {unknown}
 f - a scroll of teleportation {unknown}
 i - a scroll of blinking {unknown}
 k - a scroll of remove curse {unknown}
Potions
 b - a potion of invisibility {unknown}
 c - a potion of degeneration {unknown}
 g - a potion of heal wounds {unknown}
 j - a potion of mutation {unknown}

Dungeon Overview and Level Annotations

Branches:
Dungeon (3/15)

Altars:
Kikubaaqudgha

Annotations:
D:3 1 runed translucent door, Crazy Yiuf, Robin

▒▒▒▒ ..... (....
▒▒▒▒▒▒▒▒▒ ......
........▒▒▒▒▒▒▒▒▒▒g.....
..).....'......googo[...
........▒▒▒▒▒▒▒▒T▒
.......)▒ ▒.▒ ........▒
▒)▒ .......▒▒ ▒)▒
.......▒▒▒ ▒.▒
.........▒ ▒)▒
▒▒▒▒▒▒▒▒.▒ ▒)▒ ▒.▒ ▒.▒
▒.▒ ▒.▒


You could see Robin, 3 orcs and 2 goblins.


Message History

Robin hits you from afar with a +2 vorpal spear.
* * * LOW HITPOINT WARNING * * *
* * * LOW HITPOINT WARNING * * *
Your Unarmed Combat skill increases to level 6!
You scratch the orc.
The orc is moderately wounded.
Robin hits you from afar with a +2 vorpal spear.
* * * LOW HITPOINT WARNING * * *
* * * LOW HITPOINT WARNING * * *
The orc hits you but does no damage.
You barely miss the orc.
The orc is moderately wounded.
The orc hits you.
* * * LOW HITPOINT WARNING * * *
Robin hits you but does no damage.
You closely miss the orc.
The orc is moderately wounded.
The orc closely misses you. The orc hits you.
* * * LOW HITPOINT WARNING * * *
Robin throws the goblin at you! The goblin hits you but does no damage.
You scratch the orc.
The orc is severely wounded.
The orc hits you.
* * * LOW HITPOINT WARNING * * *
The orc hits you but does no damage. Robin misses you.
The goblin hits you with a +0 dagger.
You die...

Action                   |  1- 3 |  4- 6 || total
-------------------------+-------+-------++-------
Melee: Unarmed           |   125 |    99 ||   224
       Punch             |     1 |     2 ||     3
 Stab: Sleeping          |     2 |       ||     2
Armor: Robe              |    64 |    34 ||    98
Dodge: Dodged            |    75 |    49 ||   124

Levels and vault maps discovered:
D:1:      kennysheep_arrival_seaside, layout_basic, minmay_fountain_box
D:2:      layout_basic, nicolae_overflow_crystal_walls,
          chequers_ecumenical_altar_simple
D:3:      layout_basic, led_sif_book, uniq_crazy_yiuf_cottage, uniq_robin

Notes
Turn   | Place    | Note
-------+----------+-------------------------------------------
     0 | D:1      | sanka the Troll Monk began the quest for the Orb.
     0 | D:1      | Reached XP level 1. HP: 22/22 MP: 0/0
    88 | D:1      | Reached XP level 2. HP: 28/29 MP: 1/1
   248 | D:1      | Reached skill level 4 in Unarmed Combat
   490 | D:1      | Reached XP level 3. HP: 36/36 MP: 2/2
   936 | D:2      | Found a faded altar of an unknown god.
  1265 | D:2      | Reached XP level 4. HP: 44/44 MP: 3/3
  1291 | D:2      | Found an ancient bone altar of Kikubaaqudgha.
  1404 | D:2      | Reached skill level 5 in Unarmed Combat
  1659 | D:3      | Found a runed translucent door.
  1660 | D:3      | Noticed Crazy Yiuf
  1726 | D:3      | Reached XP level 5. HP: 49/50 MP: 4/4
  1783 | D:3      | Noticed Robin
  1804 | D:3      | Reached skill level 6 in Unarmed Combat
  1806 | D:3      | HP: 2/50 [orc (5)]
  1807 | D:3      | Slain by a goblin

Vanquished Creatures
  2 orc priests (D:3)
  4 adders
  A leopard gecko (D:2)
  10 orcs (D:3)
  A giant cockroach (D:3)
  14 goblins
  8 hobgoblins
  12 jackals (D:1)
  8 kobolds
  4 quokkas (D:2)
  A ball python (D:1)
  4 bats
  6 frilled lizards (D:1)
  6 rats
81 creatures vanquished.
